 Dungeon Crawl Stone Soup version 0.30-a0-778-g2ef04afb54 (webtiles) character file.

Game seed: 2823492716051137935

90 Essalna the Firebug (level 4, -3/24 HPs)
             Began as a Gargoyle Fire Elementalist on Feb 16, 2023.
             Slain by toympanos's ghost (10 damage)
             ... on level 3 of the Dungeon.
             The game lasted 00:05:22 (3677 turns).

Essalna the Firebug (Gargoyle Fire Elementalist)    Turns: 3677, Time: 00:05:22

Health: -3/24      AC:  6    Str: 12    XL:     4   Next: 56%
Magic:  7/16       EV: 11    Int: 17    God:
Gold:   146        SH:  0    Dex: 10    Spells: 4/7 levels left

rFire   . . .      SeeInvis .    d - +0 falchion
rCold   . . .      Faith    .    (no shield)
rNeg    + . .      Spirit   .    a - +0 robe
rPois   ∞          Reflect  .    r - +0 helmet
rElec   +          Harm     .    (no cloak)
rCorr   .          Rampage  .    (no gloves)
Will    .....                    (no boots)
Stlth   ++                       (no amulet)
HPRegen 0.24/turn                p - ring of magical power
MPRegen 0.15/turn                (no ring)

@: no status effects
A: sickness immunity, AC +3, negative energy resistance 1, electricity
resistance, torment resistance 1, petrification resistance
a: no special abilities


You were on level 3 of the Dungeon.
You visited 1 branch of the dungeon, and saw 3 of its levels.

You collected 146 gold pieces.

Inventory:

Hand Weapons
 d - a +0 falchion (weapon)
 i - a +1 flail of holy wrath
Armour
 a - a +0 robe (worn)
 r - a +0 helmet (worn)
Jewellery
 p - a ring of magical power (left hand)
Scrolls
 e - 2 scrolls of identify
Potions
 c - 2 potions of berserk rage
 f - 2 potions of mutation {unknown}
 g - 3 potions of curing
 h - 2 potions of degeneration {unknown}
 k - a potion of heal wounds
 m - a potion of flight
 o - a potion of invisibility


   Skills:
 + Level 0.5 Fighting
 - Level 1.5 Dodging
 - Level 2.1 Stealth
 - Level 2.0 Spellcasting
 + Level 3.2 Conjurations
 + Level 4.1 Fire Magic


You had 4 spell levels left.
You knew the following spells:

 Your Spells              Type           Power      Damage    Failure   Level
a - Foxfire               Conj/Fire      56%        2x1d6     4%          1
b - Scorch                Fire           30%        2d6       5%          2

Your spell library contained the following spells:

 Spells                   Type           Power      Damage    Failure   Level
 Inner Flame              Hex/Fire       8%         N/A       24%         3
 Kindle Blastsparks       Fire/Tloc/Air  12%        2d11      32%         3
 Flame Wave               Conj/Fire      14%        2d6       38%         4


Dungeon Overview and Level Annotations

Branches:
Dungeon (3/15)

Altars:

Annotations:
D:3 toympanos's ghost, amateur HuFi


Innate Abilities, Weirdness & Mutations

You are immune to sickness and miasma.
Your stone body is resilient. (AC +3)
You are immune to poison.
You resist negative energy. (rN+)
You are resistant to electric shocks. (rElec)
You are resistant to unholy torment.
You are immune to petrification.


Message History

Toympanos's ghost hits you but does no damage.
Casting: Scorch (safe; 5% risk of failure)
Confirm with . or Enter, or press ? or * to list all spells.
Flames lash toympanos's ghost but do no damage.
Toympanos's ghost hits you but does no damage.
Casting: Scorch (safe; 5% risk of failure)
Confirm with . or Enter, or press ? or * to list all spells.
Flames lash toympanos's ghost but do no damage.
Toympanos's ghost hits you but does no damage.
Casting: Scorch (safe; 5% risk of failure)
Confirm with . or Enter, or press ? or * to list all spells.
Flames lash toympanos's ghost but do no damage.
Toympanos's ghost hits you but does no damage.
You feel much better. Toympanos's ghost hits you! Toympanos's ghost burns you.
Magic courses through your body. Toympanos's ghost barely misses you.
Casting: Scorch (safe; 5% risk of failure)
Confirm with . or Enter, or press ? or * to list all spells.
Flames lash toympanos's ghost but do no damage.
Toympanos's ghost hits you. Toympanos's ghost burns you.
Casting: Scorch (safe; 5% risk of failure)
Confirm with . or Enter, or press ? or * to list all spells.
Flames lash toympanos's ghost but do no damage.
Toympanos's ghost hits you. Toympanos's ghost burns you.
Casting: Scorch (safe; 5% risk of failure)
Confirm with . or Enter, or press ? or * to list all spells.
Flames lash toympanos's ghost.
Toympanos's ghost is heavily damaged.
Toympanos's ghost hits you.
* * * LOW HITPOINT WARNING * * *
Toympanos's ghost burns you.
* * * LOW HITPOINT WARNING * * *
Casting: Scorch (safe; 5% risk of failure)
Confirm with . or Enter, or press ? or * to list all spells.
Flames lash toympanos's ghost but do no damage.
Toympanos's ghost hits you but does no damage.
Casting: Scorch (safe; 5% risk of failure)
Confirm with . or Enter, or press ? or * to list all spells.
Flames lash toympanos's ghost but do no damage.
Toympanos's ghost hits you!
You die...

#(# #...##.......... #.#
#............###
#########.####...##....)#.#
#................##.....#.#
#.#...###..#####.####.###.#
#.........#......# ##.###.###
##.#...##.###.##### #.........
####.....#..#.......####..#######
#.....####.#....@.........#
#.##..# #....#W#...####.#####
#.##..# ##...##.##........)..#
#.##..###...##...##......###.#
#.#........##.....##..#### #.#
..##..###..#⌠.!♣?.⌠#..# #.#
#####†# #..##.....##..# #.# # #.#
#...##...##...# #.# # #.#
#....##⌠##...## #.#


You could see toympanos's ghost (combustible).

Vanquished Creatures
  2 adders
  2 worms (D:2)
  2 dart slugs
  3 orcs (D:3)
  7 ball pythons
  8 endoplasms
  2 giant cockroaches
  3 goblins (D:2)
  6 hobgoblins
  2 quokkas (D:2)
  5 bats
  3 frilled lizards
  9 rats
54 creatures vanquished.

Vanquished Creatures (others)
  231 foxfires
231 creatures vanquished.

Grand Total: 285 creatures vanquished

Notes
Turn   | Place    | Note
-------+----------+-------------------------------------------
     0 | D:1      | Essalna the Gargoyle Fire Elementalist began the quest for
                  | the Orb.
     0 | D:1      | Reached XP level 1. HP: 10/10 MP: 3/3
   378 | D:1      | Reached XP level 2. HP: 10/15 MP: 3/5
   907 | D:1      | Found a faded altar of an unknown god.
  1207 | D:2      | Reached XP level 3. HP: 19/19 MP: 0/6
  1210 | D:2      | Learned a level 2 spell: Scorch
  1950 | D:2      | Reached XP level 4. HP: 24/24 MP: 2/7
  2001 | D:2      | Reached skill level 4 in Fire Magic
  3249 | D:3      | Found a runed translucent door.
  3250 | D:3      | Noticed toympanos's ghost (amateur HuFi)
  3677 | D:3      | Slain by toympanos's ghost

Illustrated notes

Levels and vault maps discovered:
D:1:      arrival_zaba_pyramid, layout_loops_ring,
          hellmonk_ecumenical_altar_inner_sanctum
D:2:      layout_basic, minmay_quadrilaterals
D:3:      layout_loops_ring, hellmonk_ghost_happy_afterlife

Skill      XL: |  1  2  3  4 |
---------------+-------------+-----
Conjurations   | 2 3 |  3.2
Fire Magic     | 4 |  4.1
Fighting       | |  0.5
Dodging        | |  1.5
Stealth        | |  2.1
Spellcasting   | |  2.0

Action                     |  1- 3 |  4- 6 || total
---------------------------+-------+-------++-------
  Melee: Falchion          |    24 |    23 ||    47
         Punch             |       |     2 ||     2
   Cast: Foxfire           |    71 |    76 ||   147
         Scorch            |       |    13 ||    13
    Use: Scroll            |       |    10 ||    10
         Potion            |       |     2 ||     2
   Stab: Sleeping          |       |     2 ||     2
 Armour: Robe              |    11 |    11 ||    22
  Dodge: Dodged            |    17 |    26 ||    43

Table legend: (Time is in decaauts)
 A = Elapsed time spent in this place.
 B = Non-inter-level travel time spent in this place.
 C = Inter-level travel time spent in this place.
 D = Time resting spent in this place.
 E = Time spent auto-exploring this place.
 F = Levels seen in this place.
 G = Mean time per level.
                   A        B        C        D        E       F      G
               +--------+--------+--------+--------+--------+-----+--------+
         Total |   3690 |   3652 |     38 |     19 |   3110 |   3 | 1230.0 |
       Dungeon |   3690 |   3652 |     38 |     19 |   3110 |   3 | 1230.0 |
               +--------+--------+--------+--------+--------+-----+--------+

Top non-repeatable levels by time:
     D:2: 1562 daAuts
     D:3: 1082 daAuts
     D:1: 1045 daAuts
